 Dungeon Crawl Stone Soup version 0.21-a0-271-ge7f0487 (webtiles) character file.

93 JackS81 the Changer (level 4, -4/32 HPs)
             Began as a Demonspawn Transmuter on Sept 15, 2017.
             Blown up by Ijyb (11 damage)
             ... with a wand of disintegration (?/24)
             ... on level 3 of the Dungeon.
             The game lasted 00:11:58 (1820 turns).

JackS81 the Changer (Demonspawn Transmuter)         Turns: 1820, Time: 00:11:58

Health: -4/32      AC:  4    Str: 10    XL:     4   Next: 37%
Magic:  16/16      EV: 12    Int: 15    God:
Gold:   149        SH:  0    Dex: 14    Spells: 3/7 levels left

rFire    + . .     SeeInvis .     - Unarmed
rCold    x . .     Gourm    .   (no shield)
rNeg     . . .     Faith    .   b - +0 robe
rPois    .         Spirit   .   (helmet restricted)
rElec    .         Reflect  .   (no cloak)
rCorr    .         Harm     .   (no gloves)
MR       .....                  (no boots)
Stlth    +.........             (no amulet)
HPRegen  0.10/turn              g - ring of magical power
MPRegen  0.15/turn              j - ring of fire

@: flying
A: horns 1, icy blue scales 1, powered by death 1
a: no special abilities


You were on level 3 of the Dungeon.
You were not hungry.

You visited 1 branch of the dungeon, and saw 3 of its levels.

You collected 149 gold pieces.

Inventory:

Missiles
 a - 22 arrows
 s - 8 stones (quivered)
Armour
 b - a +0 robe (worn)
 i - a +2 pair of boots
Jewellery
 g - a ring of magical power (left hand)
 j - a ring of fire (right hand)
Scrolls
 k - 3 scrolls of remove curse {unknown}
 l - a scroll of teleportation {unknown}
 m - 2 scrolls of identify {unknown}
 n - 2 scrolls of enchant armour {unknown}
 q - a scroll of blinking {unknown}
 r - a scroll of noise {unknown}
 t - a scroll of enchant weapon {unknown}
Potions
 e - a potion of flight
 o - a potion of might {unknown}
 p - 2 potions of ambrosia {unknown}
Books
 c - a book of Changes

   Spells                             Type                      Level
   a - Beastly Appendage              Transmutation                1
   b - Sticks to Snakes               Transmutation                2
   c - Spider Form                    Transmutation/Poison         3
   d - Ice Form                       Ice/Transmutation            4
   e - Blade Hands                    Transmutation                5
Comestibles
 d - 2 bread rations
 f - 5 chunks of flesh
 h - a royal jelly


   Skills:
 - Level 1.0 Fighting
 - Level 1.7 Dodging
 - Level 2.6 Unarmed Combat
 - Level 2.0 Spellcasting
 * Level 4.2 Transmutations


You had 3 spell levels left.
You knew the following spells:

 Your Spells              Type           Power        Failure   Level  Hunger
a - Beastly Appendage     Tmut           ##....       3%          1    #......
b - Spider Form           Tmut/Pois      #.........   28%         3    ###....


Dungeon Overview and Level Annotations

Branches:
Dungeon (3/15)

Altars:

Annotations:
D:3 Ijyb


Innate Abilities, Weirdness & Mutations

You have a pair of small horns on your head.
You are partially covered in icy blue scales. (AC +2)
You regenerate a little health from kills.


Message History

The giant cockroach is heavily wounded.
The giant cockroach bites you but does no damage.
The giant cockroach barely misses you.
You closely miss the giant cockroach. You claw the giant cockroach.
You kill the giant cockroach!
You see here a giant cockroach corpse.
A rat comes into view.
Ijyb shouts!
You see here a scroll labeled TYXU NOEZXOC.
t - a scroll labeled TYXU NOEZXOC Ijyb drinks a potion.
Ijyb suddenly seems more resistant.
Ijyb zaps a wand.
You are blasted!
It is a wand of disintegration (?/24).
Your talons disappear.
Ijyb zaps a wand.
You are blasted!
Ouch! That really hurt!
* * * LOW HITPOINT WARNING * * *
It was a potion of flight.
You feel very buoyant.
You fly up into the air.
Ijyb zaps a wand.
You are blasted!
You die...

..............# ##...#
####..........# ##.#
##.....
#..........###....#
##...... #######........#
#...#### #......######
##...#
##.###......########....##
.. ##.###..............#
.....
#...#....####.......##
.......
###.#@##.............. ..
..... #.#.######..######..
. ......###...# #..# #..
.....#.....##### ...# #..
........#.......##...# #..
.........#.......##.)..#
#.. ......?..........#
...####..
#........#g......#
........[
.............###...
........#


You could see Ijyb.

Vanquished Creatures
  A gnoll (D:1)
  An adder (D:2)
  2 worms (D:2)
  3 dart slugs (D:1)
  3 leopard geckos
  6 bats
  10 giant cockroaches
  9 goblins
  6 hobgoblins
  3 jackals (D:2)
  3 frilled lizards
  4 kobolds
  5 rats
56 creatures vanquished.

Notes
Turn   | Place    | Note
-------+----------+-------------------------------------------
     0 | D:1      | JackS81 the Demonspawn Transmuter began the quest for the Orb.
     0 | D:1      | Reached XP level 1. HP: 15/15 MP: 3/3
     7 | D:1      | Reached skill level 2 in Transmutations
    79 | D:1      | Gained mutation: You regenerate a little health from kills. [demonic ancestry]
    79 | D:1      | Reached XP level 2. HP: 15/21 MP: 3/5
   140 | D:1      | Reached skill level 3 in Transmutations
   410 | D:1      | Gained mutation: You are partially covered in icy blue scales. (AC +2) [demonic ancestry]
   410 | D:1      | Reached XP level 3. HP: 22/26 MP: 6/6
   591 | D:1      | Learned a level 3 spell: Spider Form
  1146 | D:2      | Mutation became permanent: You have a pair of small horns on your head. [demonic ancestry]
  1146 | D:2      | Gained mutation: You have a pair of horns on your head. [demonic ancestry]
  1146 | D:2      | Reached XP level 4. HP: 31/32 MP: 7/7
  1154 | D:2      | Reached skill level 4 in Transmutations
  1797 | D:3      | Noticed Ijyb
  1820 | D:3      | Blown up by Ijyb

Vault maps used:
D:1:      dpeg_arrival_prison
D:2:      minmay_wonky_spiral
D:3:      hangedman_decor_growths, uniq_crazy_yiuf_cottage, uniq_ijyb

Skill      XL: |  1  2  3  4 |
---------------+-------------+-----
Transmutations | 2 3 4 |  4.2
Fighting       | |  1.0
Dodging        | |  1.7
Unarmed Combat | |  2.6
Spellcasting   | |  2.0

Action                   |  1- 3 |  4- 6 || total
-------------------------+-------+-------++-------
Melee: Unarmed           |   164 |    41 ||   205
       Headbutt          |    17 |     9 ||    26
       Kick              |     4 |    11 ||    15
       Punch             |     1 |       ||     1
 Cast: Beastly Appendage |    22 |     7 ||    29
  Use: Scroll            |     1 |       ||     1
       Potion            |       |     1 ||     1
 Stab: Sleeping          |     2 |       ||     2
  Eat: Chunk             |     1 |     3 ||     4
Armor: Robe              |    63 |    18 ||    81
Dodge: Dodged            |   101 |    24 ||   125

Table legend:
 A = Spawn XP
 B = Non-spawn XP
 C = Spawn XP percentage of total XP
 D = Spawn monster count
 E = Non-spawn monster count
 F = Spawn count percentage of total count
 G = Total turns spent on level
                    A         B        C        D         E        F      G
               +---------+---------+-------+---------+---------+-------+---------
         Total |       0 |     134 |   0.0 |       0 |      56 |   0.0 |  1820
               +---------+---------+-------+---------+---------+-------+---------
           D:1 |       0 |      71 |   0.0 |       0 |      29 |   0.0 |   787
           D:2 |       0 |      55 |   0.0 |       0 |      23 |   0.0 |   860
           D:3 |       0 |       8 |   0.0 |       0 |       4 |   0.0 |   173
               +---------+---------+-------+---------+---------+-------+---------
